AoeStats
← King of Manzairra

Nomad

510007909Analyzed
2v2 RM · 2d ago on Sep 29, 2026· 33m 46s· 4 players
Game mode
Random Map
Map size
176×176
Population
200
Speed
Normal
Resources
Standard
Victory
Conquest
Starting age
Dark Age
Ending age
Imperial Age
RankedLock teamsTeams togetherTeam positionsShared explorationLock speedFull tech treeHidden civsTurbo modeCheats
Victory
Defeat
🇮🇳 Spanish · India
1636
+10
🇦🇷 Tupi · Argentina
1527
+15
🇨🇦 Hindustanis · Canada
1519
-13
🇨🇦 Teutons · Canada
1491
-12
Lovee
9:01 Loom
9:54 Loom
11:13 Loom
13:35 Feudal Age
14:47 Double-Bit Axe
17:26 Castle Age
18:26 Bow Saw
24:14 Horse Collar
26:31 Padded Archer Armor
28:59 Bloodlines
32:54 Husbandry
33:39 Leather Archer Armor
Chipmunk
4:47 Loom
13:53 Feudal Age
17:22 Castle Age
16:57 Forging
17:33 Double-Bit Axe
18:54 Medium Warships
19:21 Medium Warships
22:10 Fletching
24:20 Fishing Lines
26:34 Gillnets
27:09 Bow Saw
27:58 Bodkin Arrow
29:42 Ballistics
30:34 Murder Holes
32:31 Wheelbarrow
31:43 Town Watch
33:09 Gold Mining
33:14 Stone Mining
King of Manzairra
10:19 Loom
12:57 Feudal Age
17:11 Castle Age
16:38 Double-Bit Axe
19:24 Wheelbarrow
19:56 Scale Mail Armor
20:00 Squires
23:29 Forging
23:54 Town Watch
28:25 Ballistics
Retired SweatLord
5:05 Loom
13:17 Feudal Age
14:14 Double-Bit Axe
16:13 Town Watch
21:19 Castle Age
20:27 Forging
22:12 Fletching
26:45 Bow Saw
29:12 Wheelbarrow
29:28 Bodkin Arrow
34:05 Padded Archer Armor
Connection lost

Rejoining the realm…

Still unreachable

The connection could not be restored.

Session expired

The server has moved on; the page needs a fresh start.